 Dungeon Crawl Stone Soup version 0.27.1-34-g3ba077fa99 (webtiles) character file.

Game seed: 5859906513370728426

4 cbfl8 the Sneak (level 1, -2/19 HPs)
             Began as a Minotaur Delver on Jan 20, 2022.
             Frozen to death by an endoplasm (5 damage)
             ... on level 1 of the Dungeon.
             The game lasted 00:00:41 (290 turns).

cbfl8 the Sneak (Minotaur Delver)                    Turns: 290, Time: 00:00:42

Health: -2/19      AC:  3    Str: 16    XL:     1   Next: 58%
Magic:  0/0        EV: 11    Int:  7    God:
Gold:   7          SH:  0    Dex: 11    Spells: 0/0 levels left

rFire    . . .     SeeInvis .   a - +0 hand axe
rCold    . . .     Faith    .   (no shield)
rNeg     . . .     Spirit   .   b - +0 leather armour
rPois    .         Reflect  .   (helmet restricted)
rElec    .         Harm     .   (no cloak)
rCorr    .         Rampage  .   (no gloves)
Will     .....                  (no boots)
Stlth    ++........             (no amulet)
HPRegen  0.06/turn              (no ring)
MPRegen  0.07/turn              (no ring)

@: no status effects
A: horns 2, retaliatory headbutt
a: no special abilities


You were on level 1 of the Dungeon.
You visited 1 branch of the dungeon, and saw 5 of its levels.

You collected 7 gold pieces.

Inventory:

Hand Weapons
 a - a +0 hand axe (weapon)
Armour
 b - a +0 leather armour (worn)
Wands
 g - a wand of digging (3)
Scrolls
 c - a scroll of fog
 d - a scroll of magic mapping
 e - a scroll of fear
 h - a scroll of identify {unknown}
 j - a scroll of silence {unknown}
 k - a scroll of amnesia {unknown}
 l - a scroll of torment {unknown}
Potions
 f - a potion of haste
 i - a potion of attraction {unknown}


   Skills:
 + Level 3.6 Fighting
 + Level 2.4 Axes
 + Level 2.1 Dodging
 + Level 4.3 Stealth


You couldn't memorise any spells.
You didn't know any spells.
Your spell library was empty.

Dungeon Overview and Level Annotations

Branches:
Dungeon (5/15)
 Temple: D:4-7

Altars:

Annotations:
D:4 Edmund


Innate Abilities, Weirdness & Mutations

You have a pair of horns on your head.
You reflexively headbutt those who attack you in melee.


Message History

An endoplasm comes into view.
The kobold closely misses you.
The endoplasm moves out of view.
Found 5 gold pieces.
The kobold barely misses you.
The endoplasm quivers.
You hit the kobold. Your headbutt misses the kobold.
The kobold is severely wounded.
A kobold comes into view.
It is wielding a +2 short sword of venom.
The kobold misses you.
Unknown command.
You closely miss the kobold.
The kobold is severely wounded.
The kobold shouts!
You hit the hobgoblin but do no damage. You hit the endoplasm.
The endoplasm freezes you.
You are frozen.
The kobold throws a stone.
The stone closely misses you. The kobold misses you. You furiously retaliate!
You headbutt the kobold, but do no damage.
The hobgoblin hits you.
A goblin comes into view. It is wielding a +0 club.
The goblin shouts!
You slash the kobold!
You kill the kobold!
You hit the hobgoblin. You hit the endoplasm but do no damage.
The endoplasm jiggles.
The endoplasm freezes you.
You are frozen.
The hobgoblin misses you. The endoplasm hits you. The hobgoblin hits you.
* * * LOW HITPOINT WARNING * * *
You see here a +0 whip.
You hit the hobgoblin.
The hobgoblin is lightly wounded.
You hit the endoplasm.
You kill the endoplasm!
You hit the endoplasm.
A goblin comes into view. It is wielding a +0 club.
The hobgoblin closely misses you. You furiously retaliate!
You headbutt the hobgoblin. The endoplasm freezes you.
You are frozen.
You die...

### . #.# ... . . #.# ..
.## .##########.# ..
#..# ...>.........
.##)#.$ ........###.#
.#..!.# ........#
#.#+###J.g#
........###.....@g.#
(..................#
..................g.#
...##.....##............
.#. +.....+........K....
.#. #.....##############
.#. #...#... ..
+...+.... .. #...#....


You could see an endoplasm, a hobgoblin, 2 goblins and a kobold.

Vanquished Creatures
  An endoplasm (D:1)
  A hobgoblin (D:2)
  A kobold (D:1)
  A quokka (D:2)
  A rat (D:2)
5 creatures vanquished.

Notes
Turn   | Place    | Note
-------+----------+-------------------------------------------
     0 | D:5      | cbfl8 the Minotaur Delver began the quest for the Orb.
     0 | D:5      | Reached XP level 1. HP: 19/19 MP: 0/0
    56 | D:4      | Noticed Edmund
   290 | D:1      | Frozen to death by an endoplasm

Illustrated notes

Levels and vault maps discovered:
D:1:      dpeg_arrival_refuge, layout_basic, serial_shops, shop,
          nicolae_shop_competitors_out_of_business, shop, minmay_pentomino_w4
D:2:      layout_rooms, hellmonk_ecumenical_altar_blasted,
          chequers_serial_rivers_micro_b, st_stairs_7, uniq_jessica
D:3:      layout_loops_ring, chequers_serial_rivers_micro_d
D:4:      layout_loops_ring, minmay_temple_entry_mini_moons, uniq_edmund
D:5:      layout_loops_cross, nicolae_ossuary_entry_monument,
          corexii_leaking_fountain, grunt_ministairs_5

Action                   || total
-------------------------++-------
Melee: Hand axe          ||     6
       Headbutt          ||     1
Armor: Leather armour    ||     1
Dodge: Dodged            ||    11
